 Dungeon Crawl Stone Soup version 0.18-a0-721-g8fc53f4 (webtiles) character file.

3937 Proton the Cleaver (level 10, -8/79 HPs)
             Began as a Formicid Fighter on Dec 9, 2015.
             Killed by the air
             ... invoked by Gastronok
              (24 damage)
             ... on level 8 of the Dungeon.
             The game lasted 00:12:46 (5935 turns).

Proton the Cleaver (Formicid Fighter)               Turns: 5935, Time: 00:12:46

Health: -8/79      AC:  8    Str: 24    XL:     10   Next: 44%
Magic:  0/10       EV: 14    Int:  4    God:    Xom [...*..]
Gold:   451        SH: 11    Dex: 14    Spells: 0 memorised, 9 levels left

rFire  + . .     SeeInvis +     a - +1 war axe
rCold  . . .     Clarity  .     H - +2 leather armour of Courage {Regen+}
rNeg   . . .     SustAt   .     c - +0 shield
rPois  .         Gourm    .     (helmet unavailable)
rElec  .         Spirit   +     (no cloak)
rCorr  .         Dismiss  .     (no gloves)
rMut   .         Stasis   +     y - +0 pair of boots {Stlth+}
MR     ++++.                    x - amulet of guardian spirit
Stlth  ++........               (no ring)
                                w - ring of protection from magic

@: incredibly resistant to hostile enchantments, unstealthy
A: permanent stasis, dig shafts and tunnels, four strong arms, antennae 3, icy
blue scales 1, agile 2, dopey 2, fire resistance 1, magic resistance 2
a: Dig, Shaft Self, Renounce Religion


You were on level 8 of the Dungeon.
You worshipped Xom.
You were a favourite toy of Xom.
You were not hungry.

You visited 1 branch of the dungeon, and saw 8 of its levels.
You also visited: Ossuary.

You collected 451 gold pieces.

Inventory:

Hand Weapons
 a - a +1 war axe (weapon)
Missiles
 l - 6 javelins (quivered)
Armour
 c - a +0 shield (worn)
 y - a +0 pair of boots of stealth (worn)
 H - the +2 leather armour of Courage (worn) {Regen+}
   (You found it on level 7 of the Dungeon)

   It increases your rate of regeneration.
Jewellery
 f - an uncursed amulet of clarity
 w - a ring of protection from magic (left hand)
 x - an amulet of guardian spirit (around neck)
Wands
 I - a wand of slowing (13)
Scrolls
 b - 3 scrolls of enchant weapon
 e - 2 scrolls of fear {unknown}
 j - a scroll of enchant armour
 m - 2 scrolls of teleportation {unknown}
 n - 2 scrolls of random uselessness {unknown}
 q - 4 scrolls of immolation {unknown}
 t - 2 scrolls of recharging {unknown}
 u - a scroll of amnesia {unknown}
 z - a scroll of noise {unknown}
 A - 8 scrolls of remove curse
 E - a scroll of fog
 F - a scroll of vulnerability {unknown}
 J - a scroll of torment {unknown}
Potions
 d - 3 potions of might
 g - a potion of haste {unknown}
 h - a potion of invisibility {unknown}
 k - a potion of ambrosia {unknown}
 p - 3 potions of poison {unknown}
 r - 5 potions of heal wounds
 s - 2 potions of curing
 B - a potion of flight
 C - a potion of lignification
 D - 3 potions of brilliance
 G - a potion of berserk rage {unknown}
Comestibles
 i - a royal jelly
 o - 7 fruits
 v - 3 bread rations


   Skills:
 + Level 7.4 Fighting
 * Level 8.8 Axes
 + Level 7.0 Armour
 + Level 5.1 Dodging
 + Level 7.8 Shields


You had 9 spell levels left.
You didn't know any spells.

Dungeon Overview and Level Annotations

Branches:
Dungeon (8/15)             Temple (0/1) D:4
   Lair: D:8-11

Altars:
Dithmenos
Fedhas
Makhleb
Nemelex Xobeh
Qazlal
Xom

Annotations:
D:8 Gastronok


Innate Abilities, Weirdness & Mutations

You are under a permanent stasis effect.
You can dig through walls and to a lower floor.
Your four strong arms can wield two-handed weapons with a shield.
You have a pair of large antennae on your head (SInv).
You are partially covered in icy blue scales (AC +1).
You are very agile. (Dex +4)
You are very dopey. (Int -4)
Your flesh is heat resistant.
You are highly resistant to hostile enchantments.


Message History

You slash Gastronok!
Gastronok is severely wounded.
You slash Gastronok!
Gastronok is severely wounded.
Gastronok waves his eye-stalks in wide circles.
The air twists around and strikes you!
Xom is amused.
You slash Gastronok!
Gastronok is severely wounded.
You slash Gastronok!
Gastronok is almost dead.
Gastronok waves his eye-stalks in wide circles.
The air twists around and strikes you!
* * * LOW HITPOINT WARNING * * *
You hit Gastronok.
Gastronok is almost dead.
Gastronok waves his eye-stalks in wide circles.
The air twists around and strikes you!
You die...
Xom roars with laughter!

.......(.
.......#
.......#
...b..###
...{.....
#.{......
####.....#
#@#{r.r..#
##w#.....#
###.....#
#.....# #.....#
###.....##. ##
#5......... ...
####†###########
.... #
#..............#


You could see Gastronok.

Vanquished Creatures
  Erolcha (D:8)
  Joseph (D:7)
  3 hippogriffs
  2 wolves (D:8)
  A sky beast (D:6)
  An ice beast (D:5)
  2 centaurs (D:6)
  4 elf zombies (Ossuary)
  2 big kobolds (D:8)
  3 giant frogs
  3 scorpions
  An electric eel (D:6)
  4 centaur zombies
  A quasit (D:7)
  A giant frog skeleton (D:4)
  2 jellies
  2 crimson imps (D:5)
  5 human zombies (Ossuary)
  A gnoll shaman (D:5)
  2 centaur skeletons
  3 hounds
  2 worker ants (D:4)
  Natasha (thrice) (D:3)
  2 iguanas
  3 mummies (Ossuary)
  6 gnolls (D:5)
  7 adders
  A shadow imp (D:7)
  3 oozes
  4 worms
  An adder skeleton (D:2)
  5 giant geckos
  8 orcs
  A bat skeleton (D:2)
  A bat zombie (D:2)
  3 giant cockroaches
  7 hobgoblins
  3 quokkas
  2 ball pythons
  6 bats
  2 giant newts
  14 goblins
  13 kobolds
  A quokka skeleton (D:5)
  3 rats
146 creatures vanquished.

Vanquished Creatures (collateral kills)
  Grum (D:8)
  A wolf (D:8)
  A jelly (D:8)
  A quokka (D:6)
4 creatures vanquished.

Grand Total: 150 creatures vanquished

Notes
Turn   | Place    | Note
--------------------------------------------------------------
     0 | D:1      | Proton the Formicid Fighter began the quest for the Orb.
     0 | D:1      | Reached XP level 1. HP: 18/18 MP: 1/1
    81 | D:1      | Reached XP level 2. HP: 24/24 MP: 2/2
   645 | D:1      | Reached XP level 3. HP: 29/29 MP: 3/3
   868 | D:2      | Reached skill level 4 in Shields
   953 | D:2      | Found a faded altar to an unknown god.
   963 | D:2      | Became a worshipper of Xom of Chaos
   993 | D:2      | Reached skill level 1 in Dodging
  1128 | D:2      | XOM: harmless Necr miscast
  1249 | D:2      | XOM: harmless Ice miscast
  1275 | D:2      | Reached XP level 4. HP: 13/37 MP: 4/4
  1317 | D:2      | XOM: divination: detect creatures
  1359 | D:2      | XOM: divination: detect creatures
  1510 | D:2      | Found a shadowy altar of Dithmenos.
  1946 | D:3      | Found a blossoming altar of Fedhas.
  2192 | D:3      | Noticed Natasha
  2198 | D:3      | Killed Natasha
  2198 | D:3      | Reached XP level 5. HP: 37/42 MP: 5/5
  2304 | D:3      | Noticed Natasha
  2321 | D:3      | Killed Natasha
  2396 | D:3      | Noticed Natasha
  2396 | D:3      | Killed Natasha
  2461 | D:3      | XOM is BORED!
  2461 | D:3      | XOM: harmless Trmt miscast
  2580 | D:4      | XOM: potion effect (brilliance)
  2586 | D:4      | Reached XP level 6. HP: 44/48 MP: 6/6
  2838 | D:4      | Found a staircase to the Ecumenical Temple.
  2878 | D:4      | XOM: scenery: create altars
  2961 | D:5      | Entered Level 5 of the Dungeon
  3044 | D:5      | Reached XP level 7. HP: 31/55 MP: 7/7
  3061 | D:5      | Found a sparkling altar of Nemelex Xobeh.
  3135 | D:5      | XOM: confuse monster(s)
  3145 | D:5      | Reached skill level 5 in Shields
  3181 | D:5      | Reached skill level 5 in Fighting
  3274 | D:5      | XOM: silly message
  3616 | D:6      | XOM: cast spell 'Spider Form'
  3634 | D:6      | Reached skill level 5 in Axes
  3732 | D:6      | Reached XP level 8. HP: 47/62 MP: 3/8
  3818 | D:6      | XOM: summons friendly quasit
  3827 | D:6      | XOM: potion effect (heal wounds)
  4063 | D:6      | Found a stormy altar of Qazlal.
  4149 | D:6      | XOM: summons 7 friendly demons
  4150 | D:6      | Reached skill level 5 in Armour
  4152 | D:6      | Reached skill level 6 in Shields
  4437 | D:6      | XOM is BORED!
  4437 | D:6      | XOM: give mutations
  4437 | D:6      | Gained mutation: You are dopey. (Int -2) [Xom's mischief]
  4437 | D:6      | Gained mutation: You are very dopey. (Int -4) [Xom's mischief]
  4437 | D:6      | Gained mutation: Your flesh is heat resistant. [Xom's mischief]
  4492 | D:6      | XOM: harmless Erth miscast
  4594 | D:7      | Noticed Joseph
  4605 | D:7      | XOM: divination: detect creatures
  4607 | D:7      | XOM: divination: detect creatures
  4615 | D:7      | HP: 1/64 [Joseph/uncursed quarterstaff (15)]
  4618 | D:7      | Killed Joseph
  4618 | D:7      | Reached XP level 9. HP: 1/69 MP: 1/9
  4741 | D:7      | XOM: god gift: 19 gold pieces
  4867 | D:7      | XOM: potion effect (curing)
  4886 | D:7      | XOM: divination: detect creatures
  4900 | D:7      | Got a shimmering leather armour
  4911 | D:7      | Identified the +2 leather armour of Courage {Regen+} (You found it on level 7 of the Dungeon)
  4946 | D:7      | Found a sand-covered staircase.
  4964 | Ossuary  | Entered an ossuary
  5002 | Ossuary  | Reached skill level 7 in Axes
  5061 | Ossuary  | XOM: cast spell 'Warp Weapon'
  5076 | Ossuary  | XOM: confuse monster(s)
  5117 | Ossuary  | XOM: summons friendly crimson imp
  5137 | Ossuary  | XOM: cast spell 'Metabolic Englaciation'
  5517 | D:8      | Gained mutation: You are resistant to hostile enchantments. [potion of mutation]
  5517 | D:8      | Gained mutation: You are highly resistant to hostile enchantments. [potion of mutation]
  5517 | D:8      | Gained mutation: You are partially covered in icy blue scales (AC +1). [potion of mutation]
  5518 | D:8      | Gained mutation: You are agile. (Dex +2) [potion of beneficial mutation]
  5519 | D:8      | Gained mutation: You are very agile. (Dex +4) [potion of beneficial mutation]
  5577 | D:8      | Found a burning altar of Makhleb.
  5605 | D:8      | XOM: vitrification
  5683 | D:8      | Reached XP level 10. HP: 43/77 MP: 4/10
  5690 | D:8      | Reached skill level 8 in Axes
  5759 | D:8      | Noticed Erolcha
  5768 | D:8      | XOM: enchant monster (good)
  5771 | D:8      | XOM: summons friendly iron imp
  5778 | D:8      | Killed Erolcha
  5832 | D:8      | Reached skill level 5 in Dodging
  5878 | D:8      | Noticed Grum
  5887 | D:8      | Killed Grum
  5901 | D:8      | Noticed Gastronok
  5926 | D:8      | XOM: confuse monster(s)
  5935 | D:8      | Killed from afar by Gastronok

Vault maps used:
D:1:      minmay_arrival_arboretum_large, minivault_14, corexii_leaking_fountain
D:2:      lemuel_crystal_altar, serial_undead, serial_undead_b, serial_undead_a,
          serial_undead_d, serial_undead_e, ecumenical_altar_1
D:3:      kennysheep_six_static_rooms, roderic_serpentine_path,
          fedhas_altar_fruit_tree, uniq_natasha
D:4:      minmay_temple_entry_enclosed_plants
D:5:      first_bread, nemelex_altar_shiori
D:6:      kennysheep_mini_moat, kennysheep_potato
D:7:      nicolae_ossuary_entry_false_entrances, amethyst_killhole, uniq_joseph
D:8:      kennysheep_spiral_hall, basic_altar, uniq_gastronok, uniq_grum,
          uniq_erolcha
Ossuary:  ossuary_minmay_four_chambers

Action                   |  1- 3 |  4- 6 |  7- 9 | 10-12 || total
-------------------------+-------+-------+-------+-------++-------
Melee: War axe           |    74 |   131 |   362 |    69 ||   636
       Unarmed           |       |       |    16 |       ||    16
 Abil: Dig               |       |       |     3 |     2 ||     5
  Use: Scroll            |     3 |       |     8 |       ||    11
       Potion            |       |       |     3 |       ||     3
 Stab: Confused          |       |       |     1 |       ||     1
       Petrified         |       |       |       |     2 ||     2
       Petrifying        |       |       |       |     1 ||     1
  Eat: Bread ration      |       |     1 |     1 |     1 ||     3
       Fruit             |       |     1 |       |       ||     1
       Pizza             |       |     1 |       |       ||     1
       Meat ration       |       |       |     1 |       ||     1
